 Dungeon Crawl Stone Soup version 0.19.0-18-g426998a (webtiles) character file.

364 dysrexia the Insei (level 7, -10/52 HPs)
             Began as a Human Monk on Nov 11, 2016.
             Killed by divine providence
             ... invoked by an orc priest
              (16 damage)
             ... on level 4 of the Dungeon.
             The game lasted 00:10:51 (4790 turns).

dysrexia the Insei (Human Monk)                     Turns: 4790, Time: 00:10:53

Health: -10/52     AC:  7    Str: 11    XL:     7   Next: 0%
Magic:  7/7        EV: 12    Int: 11    God:
Gold:   142        SH:  0    Dex: 17    Spells: 0 memorised, 6 levels left

rFire  . . .     SeeInvis .       - Unarmed
rCold  . . .     Gourm    .     r - +1 scale mail
rNeg   . . .     Faith    .     (no shield)
rPois  .         Spirit   .     (no helmet)
rElec  .         Reflect  .     (no cloak)
rCorr  .         Harm     .     (no gloves)
MR     .....                    (no boots)
Stlth  +.........               (no amulet)
                                (no ring)
                                k - +2 ring of evasion

@: no status effects
A: no striking features
a: no special abilities


You were on level 4 of the Dungeon.
You were hungry.

You visited 1 branch of the dungeon, and saw 5 of its levels.

You collected 142 gold pieces.

Inventory:

Armour
 r - a +1 scale mail (worn)
Jewellery
 k - a +2 ring of evasion (left hand)
Scrolls
 c - a scroll of fear
 e - 2 scrolls of recharging
 f - 2 scrolls of enchant weapon
 h - a scroll of identify
Potions
 d - a potion of agility
 g - a potion of curing
 p - a potion of haste {unknown}
Comestibles
 a - 2 chunks of flesh
 b - 2 bread rations
 n - 2 meat rations


   Skills:
 - Level 3.0 Fighting
 - Level 3.0 Dodging
 - Level 2.0 Stealth
 * Level 7.3 Unarmed Combat


You had 6 spell levels left.
You didn't know any spells.

Dungeon Overview and Level Annotations

Branches:
Dungeon (5/15)
 Temple: D:4-7

Altars:
Okawaru

Annotations:
D:5 Grinder


Message History

The bat closely misses you.
A centaur comes into view. It is wielding a whip.
The centaur shouts!
The bat hits you but does no damage.
The centaur unwields an uncursed whip.
The centaur wields a shortbow.
The centaur shoots an arrow.
The arrow hits you! The bat closely misses you.
You see here an arrow.
The howler monkey howls!
You hear a shout!
The bat hits you but does no damage.
The centaur shoots an arrow.
The arrow closely misses you.
The arrow hits the bat.
The orc priest invokes the aid of Beogh against you.
Beogh smites you! The bat hits you but does no damage.
An orc comes into view. It is wielding a club.
The orc shouts!
The bat barely misses you.
The centaur shoots an arrow.
The arrow hits you!!
* * * LOW HITPOINT WARNING * * *
The howler monkey barely misses you.
The orc priest mumbles some strange prayers to Beogh against you.
Beogh smites you!
You die...

########## #(#
#........# #.#
#.######o##.#
#.# #.# ..#.#
.. #[#
#.###o.#o# #.#
#.#
#.####....?.#.#
.. #.#
#...........#.#
#.##.#
...c...h#####o#
#..#)#
#######@b(....#
#.#.# #########
#...# ##..#
#..# #..# #..#
###.# #..>#
#.###


You could see a centaur, a howler monkey, an orc priest, an orc and a bat.

Vanquished Creatures
  4 orc priests
  2 orc wizards
  5 gnolls (D:3)
  5 adders
  5 worms
  4 dart slugs
  A leopard gecko (D:1)
  9 orcs
  4 bats
  4 giant cockroaches
  8 hobgoblins
  5 jackals (D:1)
  A quokka (D:3)
  4 frilled lizards
  9 goblins
  5 kobolds
  4 rats
79 creatures vanquished.

Notes
Turn   | Place    | Note
-------+----------+-------------------------------------------
     0 | D:1      | dysrexia the Human Monk began the quest for the Orb.
     0 | D:1      | Reached XP level 1. HP: 18/18 MP: 1/1
   107 | D:1      | Reached XP level 2. HP: 3/24 MP: 2/2
   813 | D:1      | Reached skill level 4 in Unarmed Combat
   813 | D:1      | Reached XP level 3. HP: 29/29 MP: 3/3
  1830 | D:2      | Reached XP level 4. HP: 12/35 MP: 4/4
  2673 | D:3      | Reached skill level 5 in Unarmed Combat
  2938 | D:3      | Reached XP level 5. HP: 11/41 MP: 5/5
  3409 | D:3      | Reached skill level 6 in Unarmed Combat
  3552 | D:3      | Found an iron altar of Okawaru.
  3632 | D:3      | Reached XP level 6. HP: 37/47 MP: 6/6
  4398 | D:4      | Reached skill level 7 in Unarmed Combat
  4410 | D:4      | Noticed Grinder
  4411 | D:4      | Paralysed by Grinder for 6 turns
  4428 | D:4      | Paralysed by Grinder for 2 turns
  4433 | D:5      | Entered Level 5 of the Dungeon
  4710 | D:4      | Reached XP level 7. HP: 39/52 MP: 7/7
  4790 | D:4      | Killed from afar by an orc priest

Skill      XL: |  1  2  3  4  5  6 |
---------------+-------------------+-----
Unarmed Combat | 4 5 6 7 |  7.3
Fighting       | |  3.0
Dodging        | |  3.0
Stealth        | |  2.0

Action                   |  1- 3 |  4- 6 |  7- 9 || total
-------------------------+-------+-------+-------++-------
Melee: Unarmed           |   122 |   262 |     3 ||   387
       Punch             |     2 |     4 |       ||     6
  Use: Scroll            |       |     8 |       ||     8
       Potion            |       |     2 |       ||     2
 Stab: Sleeping          |     6 |     1 |       ||     7
  Eat: Chunk             |     3 |     9 |       ||    12
Armor: Robe              |     6 |       |       ||     6
       Leather armour    |    14 |     6 |       ||    20
       Scale mail        |       |    68 |     6 ||    74
Dodge: Dodged            |    56 |   118 |    27 ||   201
